Vancouver Canucks vs Chicago Black Hawks
Created - Tuesday, February 6, 2024 at 07:26
Goals
|
| Vancouver Canucks |
1 |
0 |
0 |
1 |
| Chicago Black Hawks |
0 |
2 |
1 |
3 |
|
Shots
|
| Vancouver Canucks |
12 |
11 |
10 |
33 |
| Chicago Black Hawks |
9 |
13 |
14 |
36 |
|
1st period
1. Vancouver Canucks , Casey Mittelstadt 1 (Kasperi Kapanen 1) at 15:44 (PP)
Penalties :
Kevin Fiala (CHI) for Hooking (Minor) at 15:10, Cale Makar (CHI) for Holding (Minor) at 19:10
2nd period
2. Chicago Black Hawks , Jaden Schwartz 1 (Vincent Trocheck 3, Cale Makar 2) at 6:18
3. Chicago Black Hawks , Patrice Bergeron 2 (Kirby Dach 2) at 10:18
Penalties :
Vincent Trocheck (CHI) for Interference (Minor) at 3:41
3rd period
4. Chicago Black Hawks , Patrice Bergeron 3 (Kirby Dach 3) at 19:37 (PP)
Penalties :
Mikko Rantanen (VAN) for Roughing (Minor) at 1:23, Jesperi Kotkaniemi (VAN) for Roughing (Minor) at 4:08, Noah Hanifin (VAN) for High sticking (Minor) at 9:23, Mikko Rantanen (VAN) for Holding (Minor) at 19:31
Goalie Stats
Joonas Korpisalo (VAN), 33 saves from 36 shots - (0.917), L, 2-2-0, 58:58 minutes
Thatcher Demko (CHI), 32 saves from 33 shots - (0.970), W, 5-0-0, 60:00 minutes
Players Stats for Vancouver Canucks
Player Name G A P +/- PIM S H SB GA TA FO MP PP MP PK MP
------------------------------------------------------------------------------------
Adam Boqvist 0 0 0 -2 0 0 1 0 0 1 0/0 21:40 2:56 2:44
Aleksander Barkov 0 0 0 -1 0 4 0 2 1 1 7/20 19:32 2:57 2:30
Anton Lundell 0 0 0 -1 0 1 3 1 0 0 7/12 12:41 0:00 0:00
Artturi Lehkonen 0 0 0 0 0 4 0 2 1 1 0/0 18:25 1:35 3:16
Casey Mittelstadt 1 0 1 0 0 5 1 0 0 0 14/21 16:01 1:35 0:41
Chad Ruhwedel 0 0 0 -2 0 0 0 0 0 0 0/0 24:20 2:56 2:54
Clayton Keller 0 0 0 -1 0 1 2 0 0 1 1/5 21:06 2:57 3:16
Jacob Bryson 0 0 0 0 0 0 0 2 0 0 0/0 6:25 0:00 0:00
Jake Bean 0 0 0 0 0 0 1 0 0 0 0/0 15:25 0:00 0:47
Jesperi Kotkaniemi 0 0 0 0 2 0 1 1 2 1 3/6 10:31 0:00 0:53
Kasperi Kapanen 0 1 1 0 0 2 3 0 1 1 0/2 14:07 1:35 0:00
Mikko Rantanen 0 0 0 -1 4 1 2 0 3 0 0/0 18:30 2:57 1:30
Miro Heiskanen 0 0 0 0 0 1 1 2 0 0 0/0 27:31 1:36 3:16
Noah Cates 0 0 0 -1 0 4 1 0 1 0 0/1 12:41 0:00 0:00
Noah Hanifin 0 0 0 0 2 4 2 3 0 0 0/0 24:07 1:36 2:25
Robby Fabbri 0 0 0 0 0 2 0 0 0 1 0/1 9:05 0:00 0:00
Sam Lafferty 0 0 0 0 0 2 1 1 0 0 0/0 9:05 0:00 0:00
Taylor Raddysh 0 0 0 -1 0 2 2 0 1 0 2/2 12:41 0:00 0:00
Players Stats for Chicago Black Hawks
Player Name G A P +/- PIM S H SB GA TA FO MP PP MP PK MP
------------------------------------------------------------------------------------
Barrett Hayton 0 0 0 1 0 1 4 0 2 0 0/1 16:38 2:37 0:00
Bo Horvat 0 0 0 0 0 6 1 0 1 0 8/21 20:32 3:22 2:10
Brent Burns 0 0 0 1 0 1 1 1 0 3 0/0 21:02 3:10 2:24
Cale Makar 0 1 1 1 2 4 2 2 0 1 0/0 25:31 2:53 1:15
Conor Sheary 0 0 0 0 0 1 1 0 0 0 1/2 12:40 0:00 0:00
Devon Toews 0 0 0 1 0 0 0 1 0 0 0/0 21:02 3:10 2:24
Frederick Gaudreau 0 0 0 0 0 0 0 0 0 1 0/0 0:49 0:04 0:00
Jaden Schwartz 1 0 1 1 0 6 2 0 0 0 1/4 14:53 0:00 0:51
Kevin Fiala 0 0 0 0 2 3 3 0 0 1 0/0 20:10 3:22 1:54
Kirby Dach 0 2 2 1 0 1 3 0 2 1 0/0 16:44 2:41 0:00
Marcus Pettersson 0 0 0 0 0 0 0 0 0 2 0/0 14:15 0:00 0:53
Michael Rasmussen 0 0 0 1 0 1 0 0 0 0 0/1 7:39 0:00 0:41
Nicholas Paul 0 0 0 0 0 4 2 2 0 0 8/12 18:43 0:04 0:00
Patrice Bergeron 2 0 2 1 0 5 0 0 0 0 10/18 19:17 2:37 2:10
Seth Jones 0 0 0 1 0 1 1 0 1 1 0/0 25:36 2:53 2:08
Shane Pinto 0 0 0 0 0 1 0 0 0 0 6/8 6:20 0:00 0:00
Travis Sanheim 0 0 0 0 0 0 2 2 0 0 0/0 13:22 0:00 0:00
Vincent Trocheck 0 1 1 1 2 1 1 0 1 0 2/3 20:12 3:22 1:18
3 Stars
1 - Thatcher Demko (CHI)
2 - Patrice Bergeron (CHI)
3 - Kirby Dach (CHI)
Power Play
Vancouver Canucks - 1 on 3 Attempt(s) - 33.33%
Chicago Black Hawks - 1 on 4 Attempt(s) - 25.00%
Penalty Kill
Vancouver Canucks - 3 on 4 Attempt(s) - 75.00%
- Score 0 goal in Penalty Kill
Chicago Black Hawks - 2 on 3 Attempt(s) - 66.67%
- Score 0 goal in Penalty Kill
Team Stat
Vancouver Canucks - Hits : 21 - Faceoff Wins : 34 - Blocked Shots : 14 - Penalty Minutes : 8
Chicago Black Hawks - Hits : 23 - Faceoff Wins : 36 - Blocked Shots : 8 - Penalty Minutes : 6
Official
Referees : TJ Luxmore and Mark Lemelin
Linesman : Bryan Pancich and Jay Sharrers
Game Notes
6:18 of 2nd period - Chicago Black Hawks goal is going for a video replay. After video review, Goal.
Jacob Bryson is injured at 10:28 of 2nd period (Sprained Right Finger)
Finance
Level 1 -- Attendance: 5123 (85.38%) -- Ticket Income $512,300
Level 2 -- Attendance: 4002 (80.04%) -- Ticket Income $240,120
Level 3 -- Attendance: 2317 (77.23%) -- Ticket Income $81,095
Level 4 -- Attendance: 3806 (76.12%) -- Ticket Income $95,150
Luxury Box -- Attendance: 846 (84.60%) -- Ticket Income $169,200
Game was played at the United Center.
Total Attendance: 16094 (80.47%)
Total Ticket Income: $1,097,865
Other Income: $384,253
Total Income: $1,482,118
Vancouver Canucks
5 vs 5 Forward
Center Left Wing Right Wing Time % Phy DF OF
1 Aleksander Barkov Clayton Keller Mikko Rantanen 30 1 2 2
2 Casey Mittelstadt Artturi Lehkonen Kasperi Kapanen 30 1 2 2
3 Anton Lundell Noah Cates Taylor Raddysh 25 1 2 2
4 Jesperi Kotkaniemi Robby Fabbri Sam Lafferty 15 1 2 2
5 vs 5 Defense
Defense Defense Time % Phy DF OF
1 Noah Hanifin Miro Heiskanen 30 1 2 2
2 Chad Ruhwedel Adam Boqvist 30 1 2 2
3 Jake Bean Jacob Bryson 25 1 2 2
4 Noah Hanifin Miro Heiskanen 15 1 2 2
PowerPlay Forward
Center Left Wing Right Wing Time % Phy DF OF
1 Aleksander Barkov Clayton Keller Mikko Rantanen 50 1 2 2
2 Casey Mittelstadt Artturi Lehkonen Kasperi Kapanen 50 1 2 2
PowerPlay Defense
Defense Defense Time % Phy DF OF
1 Noah Hanifin Miro Heiskanen 50 1 2 2
2 Chad Ruhwedel Adam Boqvist 50 1 2 2
Penalty Kill 4 Players Forward
Center Wing Time % Phy DF OF
1 Aleksander Barkov Mikko Rantanen 50 1 2 2
2 Clayton Keller Artturi Lehkonen 50 1 2 2
Penalty Kill 4 Players Defense
Defense Defense Time % Phy DF OF
1 Noah Hanifin Miro Heiskanen 50 1 2 2
2 Chad Ruhwedel Adam Boqvist 50 1 2 2
Penalty Kill - 3 Players Forward
Forward Time % Phy DF OF
1 Aleksander Barkov 50 1 2 2
2 Mikko Rantanen 50 1 2 2
Penalty Kill - 3 Players Defense
Defense Defense Time % Phy DF OF
1 Noah Hanifin Miro Heiskanen 50 1 2 2
2 Chad Ruhwedel Adam Boqvist 50 1 2 2
4 vs 4 Forward
Center Wing Time % Phy DF OF
1 Aleksander Barkov Mikko Rantanen 50 1 2 2
2 Clayton Keller Artturi Lehkonen 50 1 2 2
4 vs 4 Defense
Defense Defense Time % Phy DF OF
1 Noah Hanifin Miro Heiskanen 50 1 2 2
2 Chad Ruhwedel Adam Boqvist 50 1 2 2
Last Minutes Offensive
Center Left Wing Right Wing Defense Defense
Aleksander Barkov Clayton Keller Mikko Rantanen Noah Hanifin Miro Heiskanen
Last Minutes Defensive
Center Left Wing Right Wing Defense Defense
Aleksander Barkov Clayton Keller Mikko Rantanen Noah Hanifin Miro Heiskanen
Goaltenders
Starting : Joonas Korpisalo
Backup : Ville Husso
Extra Forwards
Normal : Taylor Raddysh, Anton Lundell, Jesperi Kotkaniemi - PP : Taylor Raddysh, Anton Lundell - PK : Jesperi Kotkaniemi
Extra Defensemen
Normal : Jake Bean, Jacob Bryson, Chad Ruhwedel - PP : Jake Bean - PK : Jacob Bryson, Chad Ruhwedel
Penalty Shots
Aleksander Barkov, Mikko Rantanen, Clayton Keller, Artturi Lehkonen, Casey Mittelstadt
Chicago Black Hawks
5 vs 5 Forward
Center Left Wing Right Wing Time % Phy DF OF
1 Bo Horvat Kevin Fiala Vincent Trocheck 30 1 2 2
2 Patrice Bergeron Barrett Hayton Kirby Dach 30 1 2 2
3 Nicholas Paul Jaden Schwartz Conor Sheary 25 1 2 2
4 Shane Pinto Michael Rasmussen Nicholas Paul 15 1 2 2
5 vs 5 Defense
Defense Defense Time % Phy DF OF
1 Cale Makar Seth Jones 30 1 2 2
2 Brent Burns Devon Toews 30 1 2 2
3 Travis Sanheim Marcus Pettersson 25 1 2 2
4 Cale Makar Seth Jones 15 1 2 2
PowerPlay Forward
Center Left Wing Right Wing Time % Phy DF OF
1 Bo Horvat Kevin Fiala Vincent Trocheck 50 1 2 2
2 Patrice Bergeron Barrett Hayton Kirby Dach 50 1 2 2
PowerPlay Defense
Defense Defense Time % Phy DF OF
1 Cale Makar Seth Jones 50 1 2 2
2 Brent Burns Devon Toews 50 1 2 2
Penalty Kill 4 Players Forward
Center Wing Time % Phy DF OF
1 Bo Horvat Patrice Bergeron 50 1 2 2
2 Vincent Trocheck Kevin Fiala 50 1 2 2
Penalty Kill 4 Players Defense
Defense Defense Time % Phy DF OF
1 Cale Makar Seth Jones 50 1 2 2
2 Brent Burns Devon Toews 50 1 2 2
Penalty Kill - 3 Players Forward
Forward Time % Phy DF OF
1 Bo Horvat 50 1 2 2
2 Patrice Bergeron 50 1 2 2
Penalty Kill - 3 Players Defense
Defense Defense Time % Phy DF OF
1 Cale Makar Seth Jones 50 1 2 2
2 Brent Burns Devon Toews 50 1 2 2
4 vs 4 Forward
Center Wing Time % Phy DF OF
1 Bo Horvat Patrice Bergeron 50 1 2 2
2 Vincent Trocheck Kevin Fiala 50 1 2 2
4 vs 4 Defense
Defense Defense Time % Phy DF OF
1 Cale Makar Seth Jones 50 1 2 2
2 Brent Burns Devon Toews 50 1 2 2
Last Minutes Offensive
Center Left Wing Right Wing Defense Defense
Bo Horvat Kevin Fiala Vincent Trocheck Cale Makar Seth Jones
Last Minutes Defensive
Center Left Wing Right Wing Defense Defense
Bo Horvat Kevin Fiala Vincent Trocheck Cale Makar Seth Jones
Goaltenders
Starting : Thatcher Demko
Backup : Jordan Binnington
Extra Forwards
Normal : Frederick Gaudreau, Nicholas Paul, Jaden Schwartz - PP : Frederick Gaudreau, Nicholas Paul - PK : Jaden Schwartz
Extra Defensemen
Normal : Travis Sanheim, Marcus Pettersson, Brent Burns - PP : Travis Sanheim - PK : Marcus Pettersson, Brent Burns
Penalty Shots
Bo Horvat, Patrice Bergeron, Vincent Trocheck, Kevin Fiala, Barrett Hayton
% Time on Ice - Vancouver Canucks
Lines # - Real PCT - Wanted PCT - Time Play
Normal Forward
1 - 28% - 30% - 13:41
2 - 28% - 30% - 13:34
3 - 26% - 25% - 12:41
4 - 19% - 15% - 9:05
Normal Defense
1 - 29% - 30% - 14:26
2 - 29% - 30% - 14:18
3 - 30% - 25% - 14:46
4 - 11% - 15% - 5:31
PP Forward
1 - 65% - 50% - 2:57
2 - 35% - 50% - 1:35
PP Defense
1 - 35% - 50% - 1:36
2 - 65% - 50% - 2:56
PK Forward
1 - 44% - 50% - 2:40
2 - 56% - 50% - 3:23
PK Defense
1 - 58% - 50% - 3:29
2 - 42% - 50% - 2:34
PK3 Forward
1 - 0% - 50%
2 - 0% - 50%
PK3 Defense
1 - 0% - 50%
2 - 0% - 50%
44 Forward
1 - 0% - 50%
2 - 0% - 50%
44 Defense
1 - 0% - 50%
2 - 0% - 50%
Last Minute Offensive - 0:24
Last Minute Defensive - 0:00
Total
Forward - 60:00
Defense - 60:00
|
% Time on Ice - Chicago Black Hawks
Lines # - Real PCT - Wanted PCT - Time Play
Normal Forward
1 - 32% - 30% - 15:44
2 - 30% - 30% - 14:41
3 - 26% - 25% - 12:40
4 - 13% - 15% - 6:20
Normal Defense
1 - 30% - 30% - 14:45
2 - 31% - 30% - 15:28
3 - 27% - 25% - 13:22
4 - 12% - 15% - 5:50
PP Forward
1 - 56% - 50% - 3:22
2 - 44% - 50% - 2:41
PP Defense
1 - 48% - 50% - 2:53
2 - 52% - 50% - 3:10
PK Forward
1 - 48% - 50% - 2:10
2 - 52% - 50% - 2:22
PK Defense
1 - 47% - 50% - 2:08
2 - 53% - 50% - 2:24
PK3 Forward
1 - 0% - 50%
2 - 0% - 50%
PK3 Defense
1 - 0% - 50%
2 - 0% - 50%
44 Forward
1 - 0% - 50%
2 - 0% - 50%
44 Defense
1 - 0% - 50%
2 - 0% - 50%
Last Minute Offensive - 0:00
Last Minute Defensive - 0:00
Total
Forward - 60:00
Defense - 60:00
|
Play-by-Play
1st period
0:01 of 1st period - Bo Horvat wins face-off versus Clayton Keller in neutral zone.
0:03 of 1st period - Off-side.
0:04 of 1st period - Aleksander Barkov wins face-off versus Bo Horvat in neutral zone.
0:17 of 1st period - Snap shot by Kevin Fiala.
0:17 of 1st period - Stopped by Joonas Korpisalo with a rebound.
0:21 of 1st period - Snap shot by Bo Horvat.
0:21 of 1st period - Shot Misses the Net.
1:01 of 1st period - Slapshot by Cale Makar.
1:01 of 1st period - Shot Blocked by Anton Lundell.
3:05 of 1st period - Artturi Lehkonen is hit by Barrett Hayton and loses puck.
3:16 of 1st period - Clayton Keller is hit by Jaden Schwartz and loses puck.
3:26 of 1st period - Icing by Vincent Trocheck.
3:27 of 1st period - Casey Mittelstadt wins face-off versus Bo Horvat in Chicago Black Hawks zone.
3:57 of 1st period - Snap shot by Taylor Raddysh.
3:57 of 1st period - Stopped by Thatcher Demko without a rebound.
3:58 of 1st period - Nicholas Paul wins face-off versus Jesperi Kotkaniemi in Chicago Black Hawks zone.
4:25 of 1st period - Kasperi Kapanen is hit by Kirby Dach and loses puck.
4:48 of 1st period - Wrist shot by Bo Horvat.
4:48 of 1st period - Shot Blocked by Noah Hanifin.
4:50 of 1st period - Snap shot by Vincent Trocheck.
4:50 of 1st period - Shot Blocked by Aleksander Barkov.
5:12 of 1st period - Snap shot by Taylor Raddysh.
5:12 of 1st period - Shot Blocked by Nicholas Paul.
5:28 of 1st period - Slapshot by Jesperi Kotkaniemi.
5:28 of 1st period - Shot Blocked by Travis Sanheim.
5:30 of 1st period - Wrist shot by Sam Lafferty.
5:30 of 1st period - Shot Hit the Post.
5:32 of 1st period - Slapshot by Miro Heiskanen.
5:32 of 1st period - Shot Misses the Net.
5:34 of 1st period - Slapshot by Noah Hanifin.
5:34 of 1st period - Shot Misses the Net.
5:36 of 1st period - Wrist shot by Sam Lafferty.
5:36 of 1st period - Stopped by Thatcher Demko with a rebound.
6:16 of 1st period - Adam Boqvist is hit by Kevin Fiala and loses puck.
6:31 of 1st period - Seth Jones is hit by Anton Lundell and loses puck.
7:22 of 1st period - Kasperi Kapanen is hit by Conor Sheary and loses puck.
7:37 of 1st period - Snap shot by Aleksander Barkov.
7:37 of 1st period - Shot Hit the Post.
7:39 of 1st period - Slapshot by Aleksander Barkov.
7:39 of 1st period - Stopped by Thatcher Demko with a rebound.
7:45 of 1st period - Snap shot by Mikko Rantanen.
7:45 of 1st period - Shot Misses the Net.
7:47 of 1st period - Snap shot by Aleksander Barkov.
7:47 of 1st period - Stopped by Thatcher Demko without a rebound.
7:48 of 1st period - Anton Lundell wins face-off versus Patrice Bergeron in Chicago Black Hawks zone.
7:55 of 1st period - Wrist shot by Anton Lundell.
7:55 of 1st period - Stopped by Thatcher Demko without a rebound.
7:56 of 1st period - Patrice Bergeron wins face-off versus Anton Lundell in Chicago Black Hawks zone.
8:05 of 1st period - Wrist shot by Patrice Bergeron.
8:05 of 1st period - Shot Misses the Net.
8:07 of 1st period - Snap shot by Patrice Bergeron.
8:07 of 1st period - Shot Misses the Net.
8:25 of 1st period - Snap shot by Nicholas Paul.
8:25 of 1st period - Stopped by Joonas Korpisalo without a rebound.
8:26 of 1st period - Nicholas Paul wins face-off versus Casey Mittelstadt in Vancouver Canucks zone.
8:29 of 1st period - Snap shot by Cale Makar.
8:29 of 1st period - Shot Blocked by Miro Heiskanen.
8:35 of 1st period - Slapshot by Cale Makar.
8:35 of 1st period - Shot Blocked by Artturi Lehkonen.
8:37 of 1st period - Snap shot by Cale Makar.
8:37 of 1st period - Shot Misses the Net.
8:39 of 1st period - Snap shot by Jaden Schwartz.
8:39 of 1st period - Stopped by Joonas Korpisalo without a rebound.
8:40 of 1st period - Shane Pinto wins face-off versus Aleksander Barkov in Vancouver Canucks zone.
8:53 of 1st period - Snap shot by Mikko Rantanen.
8:53 of 1st period - Stopped by Thatcher Demko with a rebound.
9:12 of 1st period - Taylor Raddysh is hit by Kevin Fiala and loses puck.
9:29 of 1st period - Slapshot by Patrice Bergeron.
9:29 of 1st period - Stopped by Joonas Korpisalo without a rebound.
9:30 of 1st period - Casey Mittelstadt wins face-off versus Patrice Bergeron in Vancouver Canucks zone.
9:35 of 1st period - Slapshot by Kasperi Kapanen.
9:35 of 1st period - Deflect By Casey Mittelstadt.
9:35 of 1st period - Shot Misses the Net.
9:35 of 1st period - Puck is out of play.
9:36 of 1st period - Casey Mittelstadt wins face-off versus Patrice Bergeron in Chicago Black Hawks zone.
9:51 of 1st period - Wrist shot by Kasperi Kapanen.
9:51 of 1st period - Deflect By Casey Mittelstadt.
9:51 of 1st period - Shot Blocked by Brent Burns.
9:51 of 1st period - Puck is out of play.
9:52 of 1st period - Jaden Schwartz wins face-off versus Aleksander Barkov in Chicago Black Hawks zone.
9:54 of 1st period - Icing by Nicholas Paul.
9:55 of 1st period - Nicholas Paul wins face-off versus Aleksander Barkov in Chicago Black Hawks zone.
10:06 of 1st period - Slapshot by Jaden Schwartz.
10:06 of 1st period - Shot Blocked by Noah Hanifin.
10:08 of 1st period - Snap shot by Conor Sheary.
10:08 of 1st period - Shot Misses the Net.
10:10 of 1st period - Snap shot by Nicholas Paul.
10:10 of 1st period - Stopped by Joonas Korpisalo without a rebound.
10:11 of 1st period - Anton Lundell wins face-off versus Bo Horvat in Vancouver Canucks zone.
10:20 of 1st period - Wrist shot by Bo Horvat.
10:20 of 1st period - Shot Misses the Net.
10:22 of 1st period - Wrist shot by Bo Horvat.
10:22 of 1st period - Shot Misses the Net.
10:38 of 1st period - Jaden Schwartz is hit by Noah Hanifin and loses puck.
10:58 of 1st period - Icing by Patrice Bergeron.
10:59 of 1st period - Patrice Bergeron wins face-off versus Robby Fabbri in Chicago Black Hawks zone.
10:59 of 1st period - Patrice Bergeron is hit by Sam Lafferty.
11:31 of 1st period - Slapshot by Aleksander Barkov.
11:31 of 1st period - Stopped by Thatcher Demko with a rebound.
11:33 of 1st period - Wrist shot by Aleksander Barkov.
11:33 of 1st period - Shot Misses the Net.
11:49 of 1st period - Snap shot by Vincent Trocheck.
11:49 of 1st period - Shot Misses the Net.
11:51 of 1st period - Slapshot by Bo Horvat.
11:51 of 1st period - Shot Misses the Net.
11:53 of 1st period - Snap shot by Vincent Trocheck.
11:53 of 1st period - Shot Misses the Net.
12:01 of 1st period - Brent Burns is hit by Miro Heiskanen and loses puck.
12:24 of 1st period - Slapshot by Patrice Bergeron.
12:24 of 1st period - Stopped by Joonas Korpisalo without a rebound.
12:25 of 1st period - Nicholas Paul wins face-off versus Anton Lundell in Vancouver Canucks zone.
12:28 of 1st period - Snap shot by Jaden Schwartz.
12:28 of 1st period - Deflect By Nicholas Paul.
12:28 of 1st period - Shot Misses the Net.
12:28 of 1st period - Puck is out of play.
12:29 of 1st period - Nicholas Paul wins face-off versus Anton Lundell in Vancouver Canucks zone.
13:04 of 1st period - Slapshot by Kevin Fiala.
13:04 of 1st period - Shot Misses the Net.
13:16 of 1st period - Slapshot by Kevin Fiala.
13:16 of 1st period - Stopped by Joonas Korpisalo without a rebound.
13:17 of 1st period - Jesperi Kotkaniemi wins face-off versus Barrett Hayton in Vancouver Canucks zone.
13:17 of 1st period - Jesperi Kotkaniemi is hit by Travis Sanheim.
13:22 of 1st period - Off-side.
13:23 of 1st period - Patrice Bergeron wins face-off versus Aleksander Barkov in neutral zone.
13:34 of 1st period - Wrist shot by Patrice Bergeron.
13:34 of 1st period - Shot Misses the Net.
13:42 of 1st period - Marcus Pettersson is hit by Mikko Rantanen and loses puck.
14:01 of 1st period - Snap shot by Nicholas Paul.
14:01 of 1st period - Shot Misses the Net.
14:03 of 1st period - Wrist shot by Nicholas Paul.
14:03 of 1st period - Stopped by Joonas Korpisalo without a rebound.
14:04 of 1st period - Shane Pinto wins face-off versus Casey Mittelstadt in Vancouver Canucks zone.
14:05 of 1st period - Slapshot by Nicholas Paul.
14:05 of 1st period - Shot Blocked by Jacob Bryson.
14:07 of 1st period - Slapshot by Brent Burns.
14:07 of 1st period - Deflect By Michael Rasmussen.
14:07 of 1st period - Stopped by Joonas Korpisalo with a rebound.
14:09 of 1st period - Snap shot by Brent Burns.
14:09 of 1st period - Deflect By Nicholas Paul.
14:09 of 1st period - Shot Blocked by Artturi Lehkonen.
14:09 of 1st period - Puck is out of play.
14:10 of 1st period - Casey Mittelstadt wins face-off versus Shane Pinto in Vancouver Canucks zone.
14:24 of 1st period - Off-side.
14:25 of 1st period - Aleksander Barkov wins face-off versus Bo Horvat in neutral zone.
14:34 of 1st period - Aleksander Barkov is hit by Kevin Fiala and loses puck.
14:57 of 1st period - Snap shot by Taylor Raddysh.
14:57 of 1st period - Shot Blocked by Devon Toews.
14:59 of 1st period - Wrist shot by Noah Cates.
14:59 of 1st period - Shot Misses the Net.
15:01 of 1st period - Wrist shot by Noah Cates.
15:01 of 1st period - Stopped by Thatcher Demko without a rebound.
15:02 of 1st period - Bo Horvat wins face-off versus Casey Mittelstadt in Chicago Black Hawks zone.
15:10 of 1st period - Minor Penalty to Kevin Fiala for Hooking.
15:11 of 1st period - Bo Horvat wins face-off versus Aleksander Barkov in Chicago Black Hawks zone.
15:23 of 1st period - Slapshot by Aleksander Barkov.
15:23 of 1st period - Shot Misses the Net.
15:25 of 1st period - Wrist shot by Mikko Rantanen.
15:25 of 1st period - Shot Blocked by Cale Makar.
15:27 of 1st period - Slapshot by Noah Hanifin.
15:27 of 1st period - Stopped by Thatcher Demko with a rebound.
15:37 of 1st period - Kasperi Kapanen is hit by Bo Horvat and loses puck.
15:44 of 1st period - Snap shot by Casey Mittelstadt.
15:44 of 1st period - Goal by Casey Mittelstadt - Vancouver Canucks : 1 - Chicago Black Hawks : 0.
15:45 of 1st period - Taylor Raddysh wins face-off versus Jaden Schwartz in neutral zone.
15:54 of 1st period - Brent Burns is hit by Taylor Raddysh and loses puck.
17:03 of 1st period - Off-side.
17:04 of 1st period - Conor Sheary wins face-off versus Casey Mittelstadt in neutral zone.
17:56 of 1st period - Taylor Raddysh is hit by Nicholas Paul and loses puck.
18:35 of 1st period - Noah Cates is hit by Barrett Hayton and loses puck.
19:10 of 1st period - Minor Penalty to Cale Makar for Holding.
19:11 of 1st period - Casey Mittelstadt wins face-off versus Bo Horvat in Chicago Black Hawks zone.
19:20 of 1st period - Backhand shot by Casey Mittelstadt.
19:20 of 1st period - Stopped by Thatcher Demko without a rebound.
19:21 of 1st period - Casey Mittelstadt wins face-off versus Bo Horvat in Chicago Black Hawks zone.
19:35 of 1st period - Snap shot by Kasperi Kapanen.
19:35 of 1st period - Shot Misses the Net.
19:37 of 1st period - Snap shot by Kasperi Kapanen.
19:37 of 1st period - Deflect By Artturi Lehkonen.
19:37 of 1st period - Stopped by Thatcher Demko without a rebound.
19:38 of 1st period - Vincent Trocheck wins face-off versus Aleksander Barkov in Chicago Black Hawks zone.
19:59 of 1st period - Brent Burns is hit by Clayton Keller and loses puck.
Goals for this period are 1 for Vancouver Canucks vs 0 for Chicago Black Hawks.
Shots for this period are 12 for Vancouver Canucks vs 9 for Chicago Black Hawks.
2nd period
0:01 of 2nd period - Casey Mittelstadt wins face-off versus Vincent Trocheck in neutral zone.
1:10 of 2nd period - Penalty to Cale Makar is over, Cale Makar is back on ice.
1:33 of 2nd period - Jesperi Kotkaniemi is hit by Cale Makar and loses puck.
1:58 of 2nd period - Wrist shot by Cale Makar.
1:58 of 2nd period - Stopped by Joonas Korpisalo without a rebound.
1:59 of 2nd period - Casey Mittelstadt wins face-off versus Michael Rasmussen in Vancouver Canucks zone.
2:14 of 2nd period - Travis Sanheim is hit by Kasperi Kapanen and loses puck.
2:42 of 2nd period - Anton Lundell is hit by Seth Jones.
3:04 of 2nd period - Icing by Jacob Bryson.
3:05 of 2nd period - Jesperi Kotkaniemi wins face-off versus Jaden Schwartz in Vancouver Canucks zone.
3:41 of 2nd period - Minor Penalty to Vincent Trocheck for Interference.
3:42 of 2nd period - Casey Mittelstadt wins face-off versus Bo Horvat in Chicago Black Hawks zone.
3:58 of 2nd period - Snap shot by Artturi Lehkonen.
3:58 of 2nd period - Shot Misses the Net.
4:13 of 2nd period - Chad Ruhwedel is hit by Jaden Schwartz and loses puck.
4:54 of 2nd period - Wrist shot by Aleksander Barkov.
4:54 of 2nd period - Stopped by Thatcher Demko with a rebound.
5:41 of 2nd period - Penalty to Vincent Trocheck is over, Vincent Trocheck is back on ice.
6:12 of 2nd period - Snap shot by Vincent Trocheck.
6:12 of 2nd period - Shot Blocked by Aleksander Barkov.
6:14 of 2nd period - Slapshot by Vincent Trocheck.
6:14 of 2nd period - Stopped by Joonas Korpisalo with a rebound.
6:16 of 2nd period - Wrist shot by Jaden Schwartz.
6:16 of 2nd period - Shot Misses the Net.
6:18 of 2nd period - Snap shot by Jaden Schwartz.
6:18 of 2nd period - Chicago Black Hawks goal is going for a video replay.
6:18 of 2nd period - The goal is good.
6:18 of 2nd period - Goal by Jaden Schwartz - Vancouver Canucks : 1 - Chicago Black Hawks : 1.
6:19 of 2nd period - Patrice Bergeron wins face-off versus Kasperi Kapanen in neutral zone.
6:36 of 2nd period - Slapshot by Kirby Dach.
6:36 of 2nd period - Stopped by Joonas Korpisalo with a rebound.
7:26 of 2nd period - Travis Sanheim is hit by Jake Bean and loses puck.
8:19 of 2nd period - Wrist shot by Cale Makar.
8:19 of 2nd period - Stopped by Joonas Korpisalo without a rebound.
8:20 of 2nd period - Taylor Raddysh wins face-off versus Nicholas Paul in Vancouver Canucks zone.
8:33 of 2nd period - Wrist shot by Jaden Schwartz.
8:33 of 2nd period - Stopped by Joonas Korpisalo without a rebound.
8:34 of 2nd period - Casey Mittelstadt wins face-off versus Patrice Bergeron in Vancouver Canucks zone.
8:34 of 2nd period - Casey Mittelstadt is hit by Kirby Dach.
9:03 of 2nd period - Icing by Seth Jones.
9:04 of 2nd period - Anton Lundell wins face-off versus Bo Horvat in Chicago Black Hawks zone.
9:20 of 2nd period - Icing by Vincent Trocheck.
9:21 of 2nd period - Bo Horvat wins face-off versus Aleksander Barkov in Chicago Black Hawks zone.
9:36 of 2nd period - Wrist shot by Clayton Keller.
9:36 of 2nd period - Stopped by Thatcher Demko with a rebound.
9:48 of 2nd period - Jaden Schwartz is hit by Kasperi Kapanen and loses puck.
9:57 of 2nd period - Jacob Bryson is hit by Nicholas Paul.
10:00 of 2nd period - Off-side.
10:01 of 2nd period - Anton Lundell wins face-off versus Patrice Bergeron in neutral zone.
10:12 of 2nd period - Snap shot by Taylor Raddysh.
10:12 of 2nd period - Shot Misses the Net.
10:18 of 2nd period - Wrist shot by Patrice Bergeron.
10:18 of 2nd period - Goal by Patrice Bergeron - Vancouver Canucks : 1 - Chicago Black Hawks : 2.
10:19 of 2nd period - Shane Pinto wins face-off versus Aleksander Barkov in neutral zone.
10:28 of 2nd period - Snap shot by Shane Pinto.
10:28 of 2nd period - Shot Blocked by Jacob Bryson.
10:28 of 2nd period - Jacob Bryson from Vancouver Canucks is injured at 10:28 of 2nd period (Sprained Right Finger).
10:29 of 2nd period - Casey Mittelstadt wins face-off versus Jaden Schwartz in Vancouver Canucks zone.
10:38 of 2nd period - Off-side.
10:39 of 2nd period - Nicholas Paul wins face-off versus Kasperi Kapanen in neutral zone.
10:44 of 2nd period - Wrist shot by Cale Makar.
10:44 of 2nd period - Deflect By Jaden Schwartz.
10:44 of 2nd period - Stopped by Joonas Korpisalo with a rebound.
11:23 of 2nd period - Slapshot by Kasperi Kapanen.
11:23 of 2nd period - Stopped by Thatcher Demko without a rebound.
11:24 of 2nd period - Aleksander Barkov wins face-off versus Patrice Bergeron in Chicago Black Hawks zone.
11:32 of 2nd period - Off-side.
11:33 of 2nd period - Patrice Bergeron wins face-off versus Aleksander Barkov in neutral zone.
11:56 of 2nd period - Snap shot by Patrice Bergeron.
11:56 of 2nd period - Stopped by Joonas Korpisalo without a rebound.
11:57 of 2nd period - Shane Pinto wins face-off versus Casey Mittelstadt in Vancouver Canucks zone.
12:28 of 2nd period - Snap shot by Taylor Raddysh.
12:28 of 2nd period - Shot Misses the Net.
12:44 of 2nd period - Slapshot by Cale Makar.
12:44 of 2nd period - Stopped by Joonas Korpisalo with a rebound.
12:46 of 2nd period - Snap shot by Barrett Hayton.
12:46 of 2nd period - Shot Misses the Net.
12:48 of 2nd period - Slapshot by Cale Makar.
12:48 of 2nd period - Shot Blocked by Miro Heiskanen.
13:27 of 2nd period - Devon Toews is hit by Anton Lundell and loses puck.
13:32 of 2nd period - Wrist shot by Taylor Raddysh.
13:32 of 2nd period - Shot Misses the Net.
13:34 of 2nd period - Slapshot by Adam Boqvist.
13:34 of 2nd period - Shot Misses the Net.
13:36 of 2nd period - Wrist shot by Anton Lundell.
13:36 of 2nd period - Shot Misses the Net.
13:38 of 2nd period - Slapshot by Noah Cates.
13:38 of 2nd period - Stopped by Thatcher Demko without a rebound.
13:39 of 2nd period - Shane Pinto wins face-off versus Aleksander Barkov in Chicago Black Hawks zone.
14:06 of 2nd period - Wrist shot by Artturi Lehkonen.
14:06 of 2nd period - Stopped by Thatcher Demko without a rebound.
14:07 of 2nd period - Patrice Bergeron wins face-off versus Casey Mittelstadt in Chicago Black Hawks zone.
14:07 of 2nd period - Patrice Bergeron is hit by Casey Mittelstadt.
14:15 of 2nd period - Snap shot by Casey Mittelstadt.
14:15 of 2nd period - Shot Misses the Net.
14:17 of 2nd period - Slapshot by Casey Mittelstadt.
14:17 of 2nd period - Shot Misses the Net.
14:19 of 2nd period - Slapshot by Noah Hanifin.
14:19 of 2nd period - Shot Misses the Net.
14:21 of 2nd period - Wrist shot by Casey Mittelstadt.
14:21 of 2nd period - Stopped by Thatcher Demko with a rebound.
14:23 of 2nd period - Snap shot by Casey Mittelstadt.
14:23 of 2nd period - Stopped by Thatcher Demko without a rebound.
14:24 of 2nd period - Nicholas Paul wins face-off versus Aleksander Barkov in Chicago Black Hawks zone.
14:55 of 2nd period - Snap shot by Barrett Hayton.
14:55 of 2nd period - Stopped by Joonas Korpisalo without a rebound.
14:56 of 2nd period - Casey Mittelstadt wins face-off versus Patrice Bergeron in Vancouver Canucks zone.
15:01 of 2nd period - Slapshot by Kasperi Kapanen.
15:01 of 2nd period - Shot Misses the Net.
15:13 of 2nd period - Casey Mittelstadt is hit by Barrett Hayton and loses puck.
15:30 of 2nd period - Slapshot by Miro Heiskanen.
15:30 of 2nd period - Shot Misses the Net.
15:32 of 2nd period - Snap shot by Artturi Lehkonen.
15:32 of 2nd period - Shot Misses the Net.
15:34 of 2nd period - Snap shot by Kasperi Kapanen.
15:34 of 2nd period - Stopped by Thatcher Demko with a rebound.
15:36 of 2nd period - Wrist shot by Artturi Lehkonen.
15:36 of 2nd period - Deflect By Casey Mittelstadt.
15:36 of 2nd period - Stopped by Thatcher Demko with a rebound.
15:38 of 2nd period - Slapshot by Noah Hanifin.
15:38 of 2nd period - Stopped by Thatcher Demko without a rebound.
15:39 of 2nd period - Aleksander Barkov wins face-off versus Shane Pinto in Chicago Black Hawks zone.
16:04 of 2nd period - Taylor Raddysh is hit by Vincent Trocheck and loses puck.
16:27 of 2nd period - Snap shot by Robby Fabbri.
16:27 of 2nd period - Stopped by Thatcher Demko with a rebound.
16:33 of 2nd period - Backhand shot by Jaden Schwartz.
16:33 of 2nd period - Shot Blocked by Sam Lafferty.
17:39 of 2nd period - Barrett Hayton is hit by Noah Cates and loses puck.
18:16 of 2nd period - Snap shot by Cale Makar.
18:16 of 2nd period - Deflect By Conor Sheary.
18:16 of 2nd period - Stopped by Joonas Korpisalo with a rebound.
19:03 of 2nd period - Clayton Keller is hit by Kirby Dach and loses puck.
19:18 of 2nd period - Snap shot by Taylor Raddysh.
19:18 of 2nd period - Shot Misses the Net.
19:37 of 2nd period - Snap shot by Bo Horvat.
19:37 of 2nd period - Stopped by Joonas Korpisalo with a rebound.
Goals for this period are 0 for Vancouver Canucks vs 2 for Chicago Black Hawks.
Shots for this period are 11 for Vancouver Canucks vs 13 for Chicago Black Hawks.
3rd period
0:01 of 3rd period - Aleksander Barkov wins face-off versus Nicholas Paul in neutral zone.
1:13 of 3rd period - Wrist shot by Robby Fabbri.
1:13 of 3rd period - Stopped by Thatcher Demko with a rebound.
1:15 of 3rd period - Snap shot by Sam Lafferty.
1:15 of 3rd period - Stopped by Thatcher Demko without a rebound.
1:16 of 3rd period - Vincent Trocheck wins face-off versus Aleksander Barkov in Chicago Black Hawks zone.
1:16 of 3rd period - Vincent Trocheck is hit by Adam Boqvist.
1:23 of 3rd period - Minor Penalty to Mikko Rantanen for Roughing.
1:24 of 3rd period - Aleksander Barkov wins face-off versus Bo Horvat in Vancouver Canucks zone.
1:57 of 3rd period - Slapshot by Cale Makar.
1:57 of 3rd period - Shot Blocked by Jesperi Kotkaniemi.
1:59 of 3rd period - Slapshot by Seth Jones.
1:59 of 3rd period - Stopped by Joonas Korpisalo with a rebound.
2:01 of 3rd period - Slapshot by Cale Makar.
2:01 of 3rd period - Deflect By Jesperi Kotkaniemi.
2:01 of 3rd period - Stopped by Joonas Korpisalo with a rebound.
3:19 of 3rd period - Adam Boqvist is hit by Cale Makar.
3:23 of 3rd period - Penalty to Mikko Rantanen is over, Mikko Rantanen is back on ice.
3:59 of 3rd period - Jesperi Kotkaniemi is hit by Travis Sanheim and loses puck.
4:08 of 3rd period - Minor Penalty to Jesperi Kotkaniemi for Roughing.
4:09 of 3rd period - Bo Horvat wins face-off versus Clayton Keller in Vancouver Canucks zone.
4:16 of 3rd period - Snap shot by Bo Horvat.
4:16 of 3rd period - Stopped by Joonas Korpisalo without a rebound.
4:17 of 3rd period - Bo Horvat wins face-off versus Clayton Keller in Vancouver Canucks zone.
4:22 of 3rd period - Snap shot by Kevin Fiala.
4:22 of 3rd period - Stopped by Joonas Korpisalo with a rebound.
4:26 of 3rd period - Slapshot by Bo Horvat.
4:26 of 3rd period - Stopped by Joonas Korpisalo with a rebound.
4:28 of 3rd period - Slapshot by Devon Toews.
4:28 of 3rd period - Deflect By Bo Horvat.
4:28 of 3rd period - Stopped by Joonas Korpisalo with a rebound.
4:30 of 3rd period - Snap shot by Bo Horvat.
4:30 of 3rd period - Shot Blocked by Noah Hanifin.
4:32 of 3rd period - Slapshot by Devon Toews.
4:32 of 3rd period - Deflect By Bo Horvat.
4:32 of 3rd period - Shot Misses the Net.
4:32 of 3rd period - Puck is out of play.
4:33 of 3rd period - Aleksander Barkov wins face-off versus Patrice Bergeron in Vancouver Canucks zone.
5:32 of 3rd period - Snap shot by Artturi Lehkonen.
5:32 of 3rd period - Shot Misses the Net.
5:35 of 3rd period - Icing by Cale Makar.
5:36 of 3rd period - Clayton Keller wins face-off versus Bo Horvat in Chicago Black Hawks zone.
5:51 of 3rd period - Vincent Trocheck is hit by Clayton Keller and loses puck.
6:08 of 3rd period - Penalty to Jesperi Kotkaniemi is over, Jesperi Kotkaniemi is back on ice.
6:54 of 3rd period - Snap shot by Vincent Trocheck.
6:54 of 3rd period - Shot Misses the Net.
6:58 of 3rd period - Wrist shot by Bo Horvat.
6:58 of 3rd period - Stopped by Joonas Korpisalo without a rebound.
6:59 of 3rd period - Anton Lundell wins face-off versus Nicholas Paul in Vancouver Canucks zone.
7:06 of 3rd period - Slapshot by Noah Hanifin.
7:06 of 3rd period - Shot Blocked by Travis Sanheim.
7:14 of 3rd period - Slapshot by Taylor Raddysh.
7:14 of 3rd period - Stopped by Thatcher Demko with a rebound.
8:29 of 3rd period - Icing by Chad Ruhwedel.
8:30 of 3rd period - Patrice Bergeron wins face-off versus Jesperi Kotkaniemi in Vancouver Canucks zone.
8:51 of 3rd period - Icing by Nicholas Paul.
8:52 of 3rd period - Anton Lundell wins face-off versus Conor Sheary in Chicago Black Hawks zone.
8:55 of 3rd period - Wrist shot by Taylor Raddysh.
8:55 of 3rd period - Deflect By Anton Lundell.
8:55 of 3rd period - Shot Misses the Net.
8:55 of 3rd period - Puck is out of play.
8:56 of 3rd period - Bo Horvat wins face-off versus Clayton Keller in Chicago Black Hawks zone.
8:56 of 3rd period - Bo Horvat is hit by Noah Hanifin.
9:23 of 3rd period - Minor Penalty to Noah Hanifin for High sticking.
9:24 of 3rd period - Patrice Bergeron wins face-off versus Aleksander Barkov in Vancouver Canucks zone.
11:23 of 3rd period - Penalty to Noah Hanifin is over, Noah Hanifin is back on ice.
11:31 of 3rd period - Snap shot by Noah Hanifin.
11:31 of 3rd period - Shot Blocked by Nicholas Paul.
11:33 of 3rd period - Snap shot by Noah Hanifin.
11:33 of 3rd period - Stopped by Thatcher Demko without a rebound.
11:34 of 3rd period - Anton Lundell wins face-off versus Nicholas Paul in Chicago Black Hawks zone.
11:35 of 3rd period - Snap shot by Noah Cates.
11:35 of 3rd period - Stopped by Thatcher Demko with a rebound.
12:01 of 3rd period - Wrist shot by Jaden Schwartz.
12:01 of 3rd period - Stopped by Joonas Korpisalo without a rebound.
12:02 of 3rd period - Jesperi Kotkaniemi wins face-off versus Bo Horvat in Vancouver Canucks zone.
12:09 of 3rd period - Wrist shot by Robby Fabbri.
12:09 of 3rd period - Shot Misses the Net.
12:19 of 3rd period - Snap shot by Bo Horvat.
12:19 of 3rd period - Stopped by Joonas Korpisalo with a rebound.
12:57 of 3rd period - Slapshot by Nicholas Paul.
12:57 of 3rd period - Deflect By Artturi Lehkonen.
12:57 of 3rd period - Shot Misses the Net.
12:57 of 3rd period - Puck is out of play.
12:58 of 3rd period - Casey Mittelstadt wins face-off versus Bo Horvat in Vancouver Canucks zone.
13:09 of 3rd period - Snap shot by Artturi Lehkonen.
13:09 of 3rd period - Shot Blocked by Cale Makar.
13:11 of 3rd period - Snap shot by Artturi Lehkonen.
13:11 of 3rd period - Shot Misses the Net.
13:13 of 3rd period - Snap shot by Noah Hanifin.
13:13 of 3rd period - Stopped by Thatcher Demko with a rebound.
13:47 of 3rd period - Jake Bean is hit by Brent Burns.
13:51 of 3rd period - Wrist shot by Jaden Schwartz.
13:51 of 3rd period - Stopped by Joonas Korpisalo with a rebound.
13:53 of 3rd period - Wrist shot by Jaden Schwartz.
13:53 of 3rd period - Shot Misses the Net.
13:55 of 3rd period - Slapshot by Brent Burns.
13:55 of 3rd period - Stopped by Joonas Korpisalo with a rebound.
13:57 of 3rd period - Wrist shot by Nicholas Paul.
13:57 of 3rd period - Stopped by Joonas Korpisalo without a rebound.
13:58 of 3rd period - Bo Horvat wins face-off versus Casey Mittelstadt in Vancouver Canucks zone.
14:25 of 3rd period - Chad Ruhwedel is hit by Barrett Hayton and loses puck.
15:30 of 3rd period - Bo Horvat is hit by Kasperi Kapanen and loses puck.
16:06 of 3rd period - Seth Jones is hit by Anton Lundell.
16:12 of 3rd period - Slapshot by Cale Makar.
16:12 of 3rd period - Deflect By Shane Pinto.
16:12 of 3rd period - Shot Misses the Net.
16:12 of 3rd period - Puck is out of play.
16:13 of 3rd period - Nicholas Paul wins face-off versus Noah Cates in Vancouver Canucks zone.
16:38 of 3rd period - Travis Sanheim is hit by Jesperi Kotkaniemi and loses puck.
17:25 of 3rd period - Wrist shot by Artturi Lehkonen.
17:25 of 3rd period - Stopped by Thatcher Demko without a rebound.
17:26 of 3rd period - Casey Mittelstadt wins face-off versus Bo Horvat in Chicago Black Hawks zone.
17:39 of 3rd period - Snap shot by Artturi Lehkonen.
17:39 of 3rd period - Stopped by Thatcher Demko with a rebound.
17:41 of 3rd period - Snap shot by Miro Heiskanen.
17:41 of 3rd period - Stopped by Thatcher Demko without a rebound.
17:42 of 3rd period - Patrice Bergeron wins face-off versus Anton Lundell in Chicago Black Hawks zone.
18:05 of 3rd period - Patrice Bergeron is hit by Mikko Rantanen and loses puck.
18:16 of 3rd period - Snap shot by Aleksander Barkov.
18:16 of 3rd period - Shot Misses the Net.
18:30 of 3rd period - Vancouver Canucks, Joonas Korpisalo is pulled from the net.
18:50 of 3rd period - Snap shot by Noah Cates.
18:50 of 3rd period - Stopped by Thatcher Demko with a rebound.
19:01 of 3rd period - Devon Toews is hit by Taylor Raddysh and loses puck.
19:31 of 3rd period - Minor Penalty to Mikko Rantanen for Holding.
19:32 of 3rd period - Joonas Korpisalo from Vancouver Canucks was sent back in the game.
19:32 of 3rd period - Patrice Bergeron wins face-off versus Jesperi Kotkaniemi in Vancouver Canucks zone.
19:37 of 3rd period - Snap shot by Patrice Bergeron.
19:37 of 3rd period - Goal by Patrice Bergeron - Vancouver Canucks : 1 - Chicago Black Hawks : 3.
19:38 of 3rd period - Shane Pinto wins face-off versus Anton Lundell in neutral zone.
19:45 of 3rd period - Snap shot by Shane Pinto.
19:45 of 3rd period - Stopped by Joonas Korpisalo with a rebound.
Goals for this period are 0 for Vancouver Canucks vs 1 for Chicago Black Hawks.
Shots for this period are 10 for Vancouver Canucks vs 14 for Chicago Black Hawks.
Back to the Top